Map: Abyssal Reef LE

Players

Dessa - Winner!

  • Race: Terran Terran
  • League: Diamond
  • Spawn Location: 11:00

A.I. 1 (Hard)

  • Race: Protoss Protoss
  • Spawn Location: 5:00

VOD

Have the link to the VOD?

Description

Time

  • Played on: Jan. 16, 2018, 2:43 p.m.
  • Length: 4:39
Show
View Real Time Build Order
Export as new Build Order

Dessa Terran - Winner!

Build Orders: Cyclone Opening 

Get SALT Encoding   

  12  0:01  SCV  
  13  0:13  SCV  
  14  0:22  Supply Depot  
  14  0:25  SCV  
  15  0:30  Refinery  
  15  0:44  SCV  
  16  0:56  SCV  
  17  1:07  Barracks  
  17  1:08  SCV  
  17  1:09  Refinery  
  18  1:20  SCV  
  18  1:25  Supply Depot  
  20  1:32  SCV  
  20  1:45  SCV  
  21  1:55  Factory, Barracks Reactor  
  21  1:57  SCV  
  22  2:09  SCV  
  23  2:17  Supply Depot  
  23  2:21  SCV  
  24  2:45  Cyclone  
  24  2:46  Cyclone  
  30  3:03  Supply Depot  
  30  3:18  Cyclone x2  
  36  3:50  Cyclone x2  
Show
View Real Time Build Order
Export as new Build Order

A.I. 1 (Hard) Protoss 

Build Orders:  

Get SALT Encoding   

  12  0:00  Probe  
  13  0:13  Probe  
  14  0:20  Pylon  
  14  0:25  Probe  
  15  0:38  Probe  
  16  0:48  Assimilator  
  16  0:50  Probe  
  16  0:51  Gateway  
  17  1:02  Probe, Pylon  
  18  1:14  Probe  
  19  1:27  Probe  
  20  1:40  Zealot  
  20  1:43  Cybernetics Core  
  20  1:45  Gateway  
  22  1:48  Assimilator  
  22  2:04  Pylon  
  22  2:07  Zealot  
  24  2:28  Warp Gate  
  24  2:34  Zealot  
  26  2:42  Zealot  
  26  2:43  Pylon  
  28  3:01  Zealot  
  30  3:09  Zealot  
  32  3:28  Stalker  
  32  3:34  Pylon  
  34  3:36  Probe, Adept  
  37  3:48  Probe  
  34  4:00  Probe  
  27  4:22  Pylon  
  27  4:24  Pylon  
Tags
 
League
Diamond
Matchup
PvT
Replay Pack
2017S4
Spawn Locations
Cross Positions
Add a new tag
Caveats
  • Supply blocks, unpowered buildings, or Contaminate may cause inaccurate times.
  • Supply counts are checked every 10 seconds.